 Dungeon Crawl Stone Soup version 0.28.0-45-g0d030f2227 (webtiles) character file.

Game seed: 18175642923548259827

2718 Antichthon the Basher (level 9, -3/199 HPs)
             Began as a Naga Warper on Apr 9, 2022.
             Was a Believer of Cheibriados.
             Slain by a gnoll
             ... wielding a +0 flail
              (6 damage)
             ... on level 7 of the Dungeon.
             The game lasted 00:28:38 (10990 turns).

Antichthon the Basher (Naga Warper)                Turns: 10990, Time: 00:28:38

Health: -3/199     AC: 24    Str: 19    XL:     9   Next: 66%
Magic:  12/12      EV:  1    Int: 18    God:    Cheibriados [**....]
Gold:   324        SH:  4    Dex: 19    Spells: 10/12 levels left

rFire   + . .      SeeInvis +   a - +0 flail
rCold   . . .      Faith    .   y - +0 buckler
rNeg    . . .      Spirit   .   (armour currently unavailable)
rPois   +          Reflect  .   (helmet currently unavailable)
rElec   .          Harm     .   (cloak currently unavailable)
rCorr   .          Rampage  .   (gloves currently unavailable)
Will    +....      NoTele   +   (no barding)
Stlth   ..........              k - amulet of the acrobat
HPRegen 0.43/turn               t - ring of protection from fire
MPRegen 0.13/turn               (no ring)

@: berserking, lit by a corona, tree-form, glowing, studying Throwing, very slow
A: stationary, stasis, torment immunity, boosted hp, AC +3, large, see
invisible, (deformed body), (poison resistance), (slowness 2), spit poison 1,
(naga tail 1), (horns 1), thin skeletal structure 1, robust 1
a: Spit Poison, Renounce Religion, Bend Time


You were on level 7 of the Dungeon.
You worshipped Cheibriados.
Cheibriados was pleased with you.
You were a tree.
You visited 2 branches of the dungeon, and saw 8 of its levels.
You also visited: Sewer.

You collected 324 gold pieces.

Inventory:

Hand Weapons
 a - a +0 flail (weapon)
Missiles
 d - 5 boomerangs of dispersal (quivered)
 i - 29 bolts
 B - 6 sling bullets
Armour
 b - a +0 leather armour of willpower (melded)
 c - a +1 helmet (melded)
 y - a +0 buckler (worn)
Jewellery
 k - an amulet of the acrobat (around neck)
 t - a ring of protection from fire (left branch)
 v - a ring of protection from cold
Wands
 x - a wand of iceblast (10)
 C - a wand of paralysis (10)
Scrolls
 f - 2 scrolls of fog
 g - a scroll of immolation
 j - 3 scrolls of silence
 l - 4 scrolls of teleportation {unknown}
 q - a scroll of amnesia
 w - a scroll of vulnerability {unknown}
Potions
 n - a potion of might {unknown}
 o - a potion of experience {unknown}
 p - a potion of mutation
 r - 2 potions of haste
 s - a potion of cancellation {unknown}
 u - a potion of flight {unknown}
 z - a potion of invisibility {unknown}
 A - a potion of resistance {unknown}


   Skills:
 + Level 5.4 Fighting
 + Level 8.0 Maces & Flails
 + Level 0.8 Throwing
 + Level 4.6 Armour
 + Level 4.8 Dodging
 + Level 1.0 Shields
 - Level 2.0 Spellcasting
 - Level 3.0 Translocations
 * Level 4.2 Invocations


You had 10 spell levels left.
You knew the following spells:

 Your Spells              Type           Power      Damage    Failure   Level
a - Blink                 Tloc           24%        N/A       10%         2

Your spell library contained the following spells:

 Spells                   Type           Power      Damage    Failure   Level
 Gell's Gravitas          Tloc           12%        N/A       21%         3
 Lesser Beckoning         Tloc           12%        N/A       21%         3
 Teleport Other           Tloc           12%        N/A       21%         3
 Foxfire                  Conj/Fire      4%         2x1d4     22%         1
 Summon Small Mammal      Summ           4%         N/A       22%         1
 Call Canine Familiar     Summ           1%         N/A       56%         3
 Conjure Flame            Conj/Fire      1%         6-21      56%         3
 Inner Flame              Hex/Fire       1%         N/A       56%         3
 Summon Guardian Golem    Hex/Summ       1%         N/A       56%         3
 Manifold Assault         Tloc           12%        N/A       88%         5
 Flame Wave               Conj/Fire      1%         2d4       92%         4


Dungeon Overview and Level Annotations

Branches:
Dungeon (7/15)             Temple (1/1) D:4           Sewer (visited)

Altars:
Ashenzari
Cheibriados
Nemelex Xobeh
Uskayaw
Vehumet
Wu Jian

Annotations:
D:3 1 runed translucent door, tygarin's ghost, amateur GnCA


Innate Abilities, Weirdness & Mutations

You are a tree.
Your roots penetrate the ground, keeping you stationary.
You cannot be teleported.
You are immune to unholy pain and torment.
Your maximum health is greatly increased.
Your equipment is partially melded.
((Your serpentine skin is tough. (AC +3)))
You have supernaturally acute eyesight. (SInv)
((Armour fits poorly on your strangely shaped body.))
((Your system is resistant to poisons. (rPois)))
((You cover ground very slowly.))
You can spit poison.
((You have a snake-like lower body.))
((You have a pair of small horns on your head.))
You have a somewhat thin skeletal structure. (Dex +2, Stealth+)
You are robust. (+10% HP)


Message History

Your bones become slightly less dense.
You feel robust. A pair of horns grows on your head!
The gnoll hits you but does no damage.
The gnoll shaman hits you but does no damage.
The gnoll hits you from afar with a +0 halberd.
* * * LOW HITPOINT WARNING * * *
The gnoll hits you but does no damage.
Okay, then.
Okay, then.
Unknown command.
Press: ? - help, v - describe, . - travel
Here: a gnoll, wielding a +0 halberd (fast)
The floor, spattered with blood.
Unknown command.
You feel better. The gnoll hits you but does no damage.
The gnoll hits you from afar with a +0 halberd!
* * * LOW HITPOINT WARNING * * *
The gnoll hits you with a +0 flail.
* * * LOW HITPOINT WARNING * * *
The gnoll shaman hits you but does no damage.
The gnoll hits you but does no damage. x2; You block the gnoll's attack.
It was a potion of berserk rage.
A red film seems to cover your vision as you go berserk!
Cheibriados protects you from inadvertent hurry.
You feel mighty!
The gnoll hits you but does no damage. x2
The gnoll shaman hits you but does no damage.
The gnoll hits you but does no damage. You block the gnoll's attack.
You sock the gnoll shaman!
The gnoll shaman is heavily wounded.
The gnoll hits you but does no damage.
The gnoll hits you from afar with a +0 halberd!
* * * LOW HITPOINT WARNING * * *
The gnoll hits you but does no damage.
The gnoll shaman hits you but does no damage.
The gnoll hits you but does no damage. x3
You are too berserk!
You closely miss the gnoll shaman.
The gnoll shaman is heavily wounded.
You block the gnoll's attack. The gnoll hits you with a +0 flail.
You die...

###.......##
#..........##
#..........#
#..........#
#..........##
#...........#
#...........#
#.....♣.....##
#...g.gg.....#
##...gg.......#
#............##
##..........##
#.##########
#.# #.# #.####


You could see a gnoll shaman and 4 gnolls.

Vanquished Creatures
  A centaur zombie (D:7)
  2 trolls
  A hornet (D:7)
  Grinder (D:5)
  Menkaure (D:5)
  A water moccasin (D:6)
  A black bear (D:5)
  An ogre (D:5)
  A centaur (D:6)
  A kobold brigand (D:6)
  3 scorpions
  A bullfrog zombie (D:5)
  2 hounds
  2 centaur skeletons
  5 jellies
  An iguana (D:4)
  Terence (D:3)
  4 orc wizards (D:5)
  A hound zombie (D:5)
  Robin (D:1)
  A howler monkey zombie (D:6)
  4 gnolls
  13 adders
  2 river rats
  A white imp (D:5)
  An ufetubus (D:5)
  4 worms
  A dart slug (D:1)
  9 orcs
  A bat (D:3)
  21 endoplasms
  5 giant cockroaches
  15 goblins
  5 hobgoblins
  4 quokkas
  10 ball pythons
  6 frilled lizards
  10 kobolds
  12 rats
157 creatures vanquished.

Vanquished Creatures (collateral kills)
  A phantom (D:5)
1 creature vanquished.

Vanquished Creatures (others)
  10 fungi (D:4)
  8 toadstools (D:4)
18 creatures vanquished.

Grand Total: 176 creatures vanquished

Notes
Turn   | Place    | Note
-------+----------+-------------------------------------------
     0 | D:1      | Antichthon the Naga Warper began the quest for the Orb.
     0 | D:1      | Reached XP level 1. HP: 19/19 MP: 3/3
   241 | D:1      | Found a faded altar of an unknown god.
   440 | D:1      | Reached skill level 1 in Armour
   440 | D:1      | Reached XP level 2. HP: 11/26 MP: 5/5
  1290 | D:2      | Reached XP level 3. HP: 29/33 MP: 6/6
  1493 | D:2      | Learned a level 2 spell: Blink
  1905 | D:2      | Noticed Robin
  2294 | D:1      | Reached XP level 4. HP: 21/40 MP: 7/7
  2450 | D:1      | Killed Robin
  2731 | D:3      | Reached skill level 3 in Maces & Flails
  2797 | D:3      | Found a glowing drain.
  2801 | Sewer    | Entered a sewer
  3023 | Sewer    | Reached XP level 5. HP: 18/46 MP: 8/8
  3740 | Sewer    | Reached skill level 4 in Maces & Flails
  3740 | Sewer    | Reached XP level 6. HP: 47/56 MP: 9/9
  3958 | Sewer    | Found a viscous altar of Jiyva.
  4267 | D:3      | Found a runed translucent door.
  4268 | D:3      | Noticed tygarin's ghost (amateur GnCA)
  4576 | D:3      | Noticed Terence
  4600 | D:3      | Killed Terence
  6218 | D:4      | Found a staircase to the Ecumenical Temple.
  6223 | Temple   | Entered the Ecumenical Temple
  6232 | Temple   | Became a worshipper of Cheibriados the Contemplative
  6425 | D:4      | Reached XP level 7. HP: 60/62 MP: 10/10
  6468 | D:5      | Entered Level 5 of the Dungeon
  6590 | D:5      | Reached skill level 5 in Maces & Flails
  7730 | D:5      | Noticed Grinder
  7745 | D:5      | Paralysed by Grinder for 4 turns
  7770 | D:5      | Killed Grinder
  7771 | D:5      | Reached XP level 8. HP: 54/72 MP: 11/11
  7922 | D:5      | Reached * piety under Cheibriados
  8072 | D:5      | Reached skill level 6 in Maces & Flails
  8081 | D:5      | Noticed Menkaure
  8092 | D:5      | Killed Menkaure
  8406 | D:5      | Reached skill level 1 in Invocations
  8549 | D:5      | Found a radiant altar of Vehumet.
  8914 | D:5      | Noticed a troll
  8920 | D:5      | Killed a troll
  9464 | D:6      | Reached XP level 9. HP: 48/79 MP: 12/12
  9706 | D:6      | Reached skill level 7 in Maces & Flails
  9831 | D:6      | Found a hide-covered altar of Uskayaw.
 10215 | D:7      | Reached skill level 5 in Fighting
 10516 | D:7      | Noticed a hornet
 10524 | D:7      | Paralysed by a hornet for 3 turns
 10527 | D:7      | Killed a hornet
 10924 | D:7      | Noticed a troll
 10934 | D:7      | Killed a troll
 10934 | D:7      | Reached ** piety under Cheibriados
 10935 | D:7      | Reached skill level 8 in Maces & Flails
 10935 | D:7      | Reached skill level 1 in Shields
 10986 | D:7      | Gained mutation: You have a somewhat thin skeletal
                  | structure. (Dex +2, Stealth+) [potion of mutation]
 10986 | D:7      | Gained mutation: You are robust. (+10% HP) [potion of
                  | mutation]
 10986 | D:7      | Gained mutation: You have a pair of small horns on your
                  | head. [potion of mutation]
 10989 | D:7      | HP: 2/199 [gnoll/+0 halberd (10)]
 10990 | D:7      | Slain by a gnoll

Illustrated notes

Levels and vault maps discovered:
D:1:      ebering_trefoil_twist, layout_loops_ring,
          chequers_ecumenical_altar_twisty, minmay_misc_feat_x
D:2:      layout_rooms, uniq_robin
D:3:      minmay_wonky_spiral, layout_basic, ebering_ghost_reflecting_pool,
          gup_sewer_entry_spiral, uniq_terence
D:4:      cheibrodos_fertilizer, layout_basic, minmay_temple_entry_nine_rooms
D:5:      layout_loops_ring, kennysheep_mini_moat, minmay_manual_mullet,
          uniq_grinder, uniq_menkaure
D:6:      layout_loops_ring, marbit_many_paths
D:7:      layout_cave_pods, nicolae_figureground_pulse
Temple:   eino_temple_scatter_basement

Skill      XL: |  1  2  3  4  5  6  7  8  9 |
---------------+----------------------------+-----
Armour         | 1 2 3 4 |  4.6
Dodging        | 2 3 4 |  4.8
Maces & Flails | 3 4 5 6 8 |  8.0
Fighting       | 3 4 5 |  5.4
Invocations    | 2 4 |  4.2
Shields        | 1 |  1.0
Throwing       | |  0.8
Spellcasting   | |  2.0
Translocations | |  3.0

Action                   |  1- 3 |  4- 6 |  7- 9 || total
-------------------------+-------+-------+-------++-------
Melee: Mace              |   103 |   213 |       ||   316
       Punch             |       |     4 |     6 ||    10
       Flail             |       |    42 |   258 ||   300
 Abil: Spit Poison       |     9 |    39 |    46 ||    94
  Use: Scroll            |     6 |     6 |     1 ||    13
       Potion            |       |     1 |     6 ||     7
 Stab: Sleeping          |       |     1 |       ||     1
Armor: Leather armour    |    13 |    73 |    97 ||   183
       Skin              |       |   117 |    27 ||   144
Dodge: Dodged            |    56 |   160 |   323 ||   539
Block: Buckler           |       |       |    45 ||    45
